 Dungeon Crawl Stone Soup version 0.24-a0-443-g80245de385 (webtiles) character file.

Game seed: 12155742619661034203

135 KristoblXynda the Slasher (level 4, 0/38 HPs)
             Began as a Draconian Gladiator on June 21, 2019.
             Was an Initiate of Yredelemnul.
             Slain by an orc
             ... wielding a +1 hand axe of electrocution
              (2 damage)
             ... on level 3 of the Dungeon.
             The game lasted 00:03:06 (1935 turns).

KristoblXynda the Slasher (Draconian Gladiator)     Turns: 1935, Time: 00:03:07

Health: 0/38       AC:  6    Str: 16    XL:     4   Next: 97%
Magic:  4/4        EV: 13    Int: 10    God:    Yredelemnul [......]
Gold:   53         SH:  0    Dex: 12    Spells: 3/3 levels left

rFire    . . .     SeeInvis .   a - +0 long sword
rCold    . . .     Gourm    .   (no shield)
rNeg     . . .     Faith    .   (armour unavailable)
rPois    .         Spirit   .   b - +0 hat
rElec    .         Reflect  .   n - +0 cloak
rCorr    .         Harm     .   (no gloves)
MR       .....                  (no boots)
Stlth    +.........             (no amulet)
HPRegen  0.12/turn              (no ring)
MPRegen  0.09/turn              (no ring)

@: no status effects
A: unfitting armour, cold-blooded, AC +5
a: Renounce Religion


You were on level 3 of the Dungeon.
You worshipped Yredelemnul.
Yredelemnul was noncommittal.
You were hungry.

You visited 1 branch of the dungeon, and saw 3 of its levels.

You collected 53 gold pieces.

Inventory:

Hand Weapons
 a - a +0 long sword (weapon)
Missiles
 c - 3 throwing nets (quivered)
Armour
 b - a +0 hat (worn)
 n - a +0 cloak (worn)
Jewellery
 o - an uncursed ring of protection from magic {unknown}
Scrolls
 f - a scroll of remove curse
 g - a scroll of immolation
 h - 3 scrolls of enchant armour {unknown}
 i - a scroll of blinking {unknown}
 j - a scroll of amnesia {unknown}
 k - a scroll of identify {unknown}
Potions
 e - a potion of heal wounds {unknown}
 l - 2 potions of lignification {unknown}
 m - a potion of curing {unknown}
Comestibles
 d - 3 rations
 p - 2 chunks of flesh


   Skills:
 - Level 3.1 Fighting
 * Level 4.5 Long Blades
 - Level 2.0 Throwing
 + Level 3.4 Dodging
 + Level 0.7 Invocations


You had 3 spell levels left.
You didn't know any spells.
Your spell library was empty.

Dungeon Overview and Level Annotations

Branches:
Dungeon (3/15)

Altars:
Xom
Yredelemnul


Innate Abilities, Weirdness & Mutations

Your plain brown scales are hard. (AC +5)
You cannot fit into any form of body armour.
You are cold-blooded and may be slowed by cold attacks.


Message History

The orc shouts!
You hear a shout!
The orc hits you but does no damage.
The orc hits you with a +1 hand axe of electrocution!
You hit the orc. You tail-slap the orc.
The orc is heavily wounded.
The orc hits you. The orc misses you.
You barely miss the orc.
The orc is heavily wounded.
The orc barely misses you. x2
You hit the orc.
You tail-slap the orc, but do no damage.
The orc is moderately wounded.
You are feeling hungry.
The orc hits you but does no damage.
The orc hits you with a +1 hand axe of electrocution.
You are electrocuted!
* * * LOW HITPOINT WARNING * * *
The orc hits you with a +1 hand axe of electrocution.
You die...
Your body rises from the dead as a mindless zombie.

#....# #....#
#(...# #....#
....### ...#.#
#o##.# ###o##.+
#.@o...+
.#.#.#..+
.........#
..#.##....#
####..#....##
#.........##
#.#........##
#.....##..#.##
###....#.###.##


You could see 3 orcs.

Vanquished Creatures
  An iguana (D:3)
  5 adders
  An ooze (D:1)
  A worm (D:2)
  4 dart slugs
  2 leopard geckos
  2 ball pythons
  5 bats
  3 giant cockroaches
  6 goblins
  4 hobgoblins
  2 quokkas (D:2)
  2 frilled lizards
  5 kobolds
  8 rats
51 creatures vanquished.

Notes
Turn   | Place    | Note
-------+----------+-------------------------------------------
     0 | D:1      | KristoblXynda the Draconian Gladiator began the quest for
                  | the Orb.
     0 | D:1      | Reached XP level 1. HP: 17/17 MP: 1/1
   175 | D:1      | Reached XP level 2. HP: 24/25 MP: 2/2
   536 | D:1      | Reached XP level 3. HP: 27/30 MP: 3/3
   923 | D:2      | Found a basalt altar of Yredelemnul.
  1118 | D:2      | Became a worshipper of Yredelemnul the Dark
  1220 | D:2      | Found a shimmering altar of Xom.
  1230 | D:2      | Found a basalt altar of Yredelemnul.
  1333 | D:2      | Reached skill level 4 in Long Blades
  1398 | D:2      | Reached XP level 4. HP: 32/38 MP: 4/4
  1935 | D:3      | Slain by an orc

Levels and vault maps discovered:
D:1:      psy_arrival_fountain, layout_loops_ring
D:2:      layout_loops_ring, amethyst_overflow_temple_binary, first_ration,
          serial_bayou_pond_e, kennysheep_another_room,
          yredelemnul_altar_generic
D:3:      layout_basic, evilmike_ruin_ashenzari, st_stairs_2,
          minmay_misc_feat_chi, minmay_liquid_box, kennysheep_cluttered_room

Skill      XL: |  1  2  3 |
---------------+----------+-----
Throwing       | 2 |  2.0
Dodging        | 3 |  3.4
Long Blades    | 4 |  4.5
Fighting       | 3 |  3.1
Invocations    | |  0.7

Action                   |  1- 3 |  4- 6 || total
-------------------------+-------+-------++-------
Melee: Long sword        |    96 |    37 ||   133
       Tailslap          |     9 |     8 ||    17
  Use: Scroll            |     2 |       ||     2
 Stab: Sleeping          |     3 |     1 ||     4
  Eat: Chunk             |     2 |     1 ||     3
Armor: Skin              |    35 |    10 ||    45
Dodge: Dodged            |    81 |    27 ||   108
       Rpst.: Long sword |    24 |    13 ||    37

Table legend:
 A = Non-vault XP
 B = Vault XP
 C = Vault XP percentage of total XP
 D = Non-vault monster count
 E = Vault monster count
 F = Vault count percentage of total count
                 A         B        C        D         E       F
            +---------+---------+-------+---------+---------+-------
      Total |     193 |       1 |   0.5 |      50 |       1 |   2.0
            +---------+---------+-------+---------+---------+-------
        D:1 |      48 |       0 |   0.0 |      22 |       0 |   0.0
        D:2 |      78 |       0 |   0.0 |      23 |       0 |   0.0
        D:3 |      67 |       1 |   1.5 |       5 |       1 |  16.7
            +---------+---------+-------+---------+---------+-------
